 Dungeon Crawl Stone Soup version 0.28.0-1-gb440e238dd (webtiles) character file.

Game seed: 1890331601350245075

114 graymark the Insei (level 4, -2/29 HPs)
             Began as an Octopode Transmuter on Feb 22, 2022.
             Killed from afar by a white imp (7 damage)
             ... with a puff of frost
             ... on level 3 of the Dungeon.
             The game lasted 00:05:55 (2985 turns).

graymark the Insei (Octopode Transmuter)            Turns: 2985, Time: 00:05:58

Health: -2/29      AC:  1    Str:  9    XL:     4   Next: 98%
Magic:  8/8        EV: 13    Int: 15    God:
Gold:   110        SH:  0    Dex: 14    Spells: 5/8 levels left

rFire   . . .      SeeInvis .     - Unarmed
rCold   . . .      Faith    .   (no shield)
rNeg    . . .      Spirit   .   (helmet restricted)
rPois   .          Reflect  .   n - amulet of the acrobat
rElec   .          Harm     .   (no ring)
rCorr   .          Rampage  .   (no ring)
Will    .....                   (no ring)
Stlth   ++........              (no ring)
HPRegen 0.09/turn               (no ring)
MPRegen 0.11/turn               (no ring)
                                (no ring)
                                (no ring)

@: no status effects
A: almost no armour, amphibious, 8 rings, camouflage 1, gelatinous body 1,
(nimble swimmer 1), tentacles
a: no special abilities


You were on level 3 of the Dungeon.
You visited 1 branch of the dungeon, and saw 3 of its levels.

You collected 110 gold pieces.

Inventory:

Missiles
 k - 36 stones
 m - 21 sling bullets
 o - 5 poisoned darts
Jewellery
 n - an amulet of the acrobat (around mantle)
Scrolls
 a - a scroll of torment
 c - a scroll of vulnerability
 h - a scroll of amnesia {unknown}
 j - 2 scrolls of enchant armour {unknown}
 l - a scroll of immolation {unknown}
Potions
 b - a potion of invisibility {unknown}
 d - a potion of mutation
 e - a potion of ambrosia
 f - a potion of magic {unknown}
 g - a potion of brilliance {unknown}
 i - a potion of degeneration {unknown}
 p - 2 potions of attraction {unknown}


   Skills:
 + Level 2.1 Fighting
 + Level 2.8 Dodging
 + Level 3.6 Unarmed Combat
 + Level 2.7 Spellcasting
 + Level 2.7 Transmutations


You had 5 spell levels left.
You knew the following spells:

 Your Spells              Type           Power      Damage    Failure   Level
a - Beastly Appendage     Tmut           20%        N/A       7%          1
b - Wereblood             Tmut           10%        N/A       10%         2

Your spell library contained the following spells:

 Spells                   Type           Power      Damage    Failure   Level
 Spider Form              Tmut/Pois      6%         N/A       34%         3
 Ice Form                 Ice/Tmut       6%         N/A       75%         4


Dungeon Overview and Level Annotations

Branches:
Dungeon (3/15)

Altars:
Nemelex Xobeh
Zin

Shops:
D:3 (


Innate Abilities, Weirdness & Mutations

You cannot wear most types of armour.
You are amphibious.
You can wear up to eight rings at the same time.
Your skin changes colour to match your surroundings (Stealth+).
Your rubbery body absorbs attacks. (AC +1, EV +1)
((You are camouflaged when in or above water. (Stealth+)))
You have tentacles for arms and can constrict up to eight enemies at once.


Message History

You kill the adder!
You feel sick.
No target in view!
You start resting.
You feel sick. x3
You are no longer poisoned.
You start resting.
Magic restored.
You start resting.
HP restored.
Unknown command.
Unknown command.
You see here 26 bolts.
There is a stone staircase leading down here.
p - 2 bubbling red potions (gained 1)
Found a stone staircase leading down.
Found a stone staircase leading up.
There is a stone staircase leading down here.
A white imp comes into view.
The white imp shouts, "Fly, thou villainous weeb-spouting vassal!"
The white imp gestures at you. The puff of frost hits you!
The white imp gestures at you. The puff of frost misses you.
You tentacle-slap the white imp. Your grab misses the white imp.
The white imp is moderately wounded.
The white imp hits you. The white imp freezes you.
You tentacle-slap the white imp. Your grab misses the white imp.
The white imp is almost dead.
The white imp gestures at you. The puff of frost hits you!
* * * LOW HITPOINT WARNING * * *
You are too injured to fight recklessly!
You are too injured to fight recklessly!
You tentacle-slap the white imp but do no damage.
You grab the white imp.
The white imp is almost dead.
You constrict the white imp, but do no damage.
The white imp gestures at you. The puff of frost hits you!
You die...

######..#######
#..........<#
#.......#..##
######...#######
........>.......#
###############.#
#.# #.# #@# #5#
#.# ####### #.#
#.....# #.#
#.....# #.#
#.....# #.#
#.....# #.#
#.....#


You could see a white imp.

Vanquished Creatures
  Jessica (D:3)
  4 adders
  4 worms
  4 bats
  3 endoplasms
  2 giant cockroaches (D:2)
  4 goblins
  4 hobgoblins
  4 jackals (D:3)
  3 quokkas
  3 ball pythons
  A frilled lizard (D:2)
  3 kobolds (D:2)
  A rat (D:1)
41 creatures vanquished.

Notes
Turn   | Place    | Note
-------+----------+-------------------------------------------
     0 | D:1      | graymark the Octopode Transmuter began the quest for the
                  | Orb.
     0 | D:1      | Reached XP level 1. HP: 13/13 MP: 3/3
   731 | D:2      | Reached XP level 2. HP: 16/18 MP: 5/5
  1278 | D:2      | Reached XP level 3. HP: 23/23 MP: 6/6
  1761 | D:2      | Learned a level 2 spell: Wereblood
  2146 | D:3      | Reached XP level 4. HP: 29/29 MP: 5/7
  2284 | D:3      | Found a sparkling altar of Nemelex Xobeh.
  2294 | D:3      | Found Kuohyellygi's Antique Weapon Boutique.
  2556 | D:3      | Noticed Jessica
  2562 | D:3      | Killed Jessica
  2737 | D:3      | Found a glowing silver altar of Zin.
  2985 | D:3      | Killed from afar by a white imp

Illustrated notes

Levels and vault maps discovered:
D:1:      nagdon_arrival_double_spiral, layout_rooms, minmay_door_square
D:2:      layout_rooms
D:3:      layout_basic, mainiacjoe_overflow_six_doors_small,
          lemuel_coloured_pillars_altar, shapermc_ecumenical_altar_acropolis,
          serial_shops, nicolae_shop_trees, lemuel_flame_loot_1, uniq_jessica

Skill      XL: |  1  2  3  4 |
---------------+-------------+-----
Fighting       | 2 |  2.1
Dodging        | |  2.8
Unarmed Combat | |  3.6
Spellcasting   | |  2.7
Transmutations | |  2.7

Action                   |  1- 3 |  4- 6 || total
-------------------------+-------+-------++-------
Melee: Unarmed           |    78 |    36 ||   114
       Constrict         |    23 |     9 ||    32
       Tentacles         |    18 |     4 ||    22
       Punch             |     3 |     2 ||     5
       Kick              |     8 |     3 ||    11
 Cast: Beastly Appendage |     5 |     2 ||     7
  Use: Scroll            |     4 |       ||     4
 Stab: Sleeping          |     6 |     1 ||     7
Armor: Skin              |     3 |     6 ||     9
Dodge: Dodged            |    33 |    37 ||    70
